 Dungeon Sprint DCSS version 0.17-a0-2055-gb4e23be (webtiles) character file.

5198 Kidiri the Blocker (level 10, -8/68 HPs)
             Began as a Gargoyle Fighter on Oct 11, 2015.
             Was a High Priest of Okawaru.
             Killed from afar by a lindwurm (28 damage)
             ... with a blast of flame
             ... in the Dungeon (Sprint IX: "|||||||||||||||||||||||||||||").
             The game lasted 00:05:01 (1547 turns).

Kidiri the Blocker (Gargoyle Fighter)               Turns: 1547, Time: 00:05:02

Health: -8/68      AC: 26    Str: 21    XL:     10   Next: 60%
Magic:  16/16      EV: 15    Int: -3 (10) God:    Okawaru [*****.]
Gold:   0          SH: 15    Dex: 10    Spells: 0 memorised, 9 levels left

rFire  . . .     SeeInvis .     a - +0 flail
rCold  . . .     Clarity  .     t - +1 chain mail
rNeg   + . .     SustAt   .     c - +0 shield
rPois  ∞         Gourm    .     s - +0 helmet
rElec  +         Spirit   .     (no cloak)
rCorr  .         Warding  .     (no gloves)
rMut   .         NoTele   +     (no boots)
MR     .....                    (no amulet)
Stlth  ..........               u - +2 ring of evasion
                                b - +2 ring of protection

@: heroism, slowed, lost intelligence, very slow, not resistant to hostile
enchantments, extremely unstealthy
A: negative energy resistance 1, electricity resistance, unbreathing,
petrification resistance, rot immunity, AC +7
a: Heroism, Finesse, Renounce Religion


You were in the Dungeon.
You worshipped Okawaru.
Okawaru was extremely pleased with you.
You were not hungry.

You visited 1 branch

Inventory:

Hand Weapons
 a - a +0 flail (weapon)
Armour
 c - a +0 shield (worn)
 s - a +0 helmet (worn)
 t - a +1 chain mail (worn)
Jewellery
 b - a +2 ring of protection (left hand)
 u - a +2 ring of evasion (right hand)
Wands
 r - a wand of cold (7)
Scrolls
 k - 3 scrolls of blinking
 n - 2 scrolls of fear
 p - 3 scrolls of remove curse
 q - 2 scrolls of amnesia
 v - a scroll of recharging
Potions
 d - 2 potions of might
 g - a potion of invisibility
 h - 2 potions of haste
 i - 4 potions of magic
 l - 2 potions of brilliance
 o - 2 potions of curing


   Skills:
 + Level 9.9(14.9) Fighting
 * Level 12.0(17.0) Maces & Flails
 * Level 12.9(17.9) Armour
 + Level 7.0(12.0) Dodging
 * Level 13.1(18.1) Shields
 + Level 8.5 Invocations


You had 9 spell levels left.
You didn't know any spells.

Dungeon Overview and Level Annotations

Branches:
Dungeon (1/1)

Altars:
Cheibriados
Dithmenos
Elyvilon
Fedhas
Gozag
Kikubaaqudgha
Makhleb
Nemelex Xobeh
Okawaru
Qazlal
Ru
Sif Muna
Trog
Vehumet
Xom
Yredelemnul
Zin
The Shining One
Beogh
Jiyva
Lugonu


Innate Abilities, Weirdness & Mutations

You are resistant to torment.
Your stone body is resilient (AC +7).
You are immune to poison.
You resist negative energy.
You are resistant to electric shocks.
You can survive without breathing.
You are immune to petrification.
You are immune to rotting.


Message History

You block the lindwurm's attack. The lindwurm claws you.
* * * LOW HITPOINT WARNING * * *
You barely miss the lindwurm.
The lindwurm is almost dead.
The lindwurm misses you.
The lindwurm claws you but does no damage.
The lindwurm completely misses you.
Unknown command.
You barely miss the lindwurm.
The lindwurm is almost dead.
The brain worm's bulging head throbs.
Something tries to feed on your intellect!
You block the lindwurm's attack. The lindwurm completely misses you.
The lindwurm misses you.
Unknown command.
Drink which item? (? for menu, Esc to quit)
You feel better. The lindwurm breathes flames at you.
The blast of flame hits you!
You die...

▓▓▓▓▓▓▓▓▓▓▓▓▓▓▓▓▓▓▓▓▓▓▓▓▓▓
......'.%.......@kw......?
▓▓▓▓▓▓▓▓▓▓▓▓▓▓▓▓▓▓▓▓▓▓▓▓▓▓▓▓▓▓▓▓▓
.................................
▓▓▓▓▓▓▓▓▓▓▓▓▓▓▓▓▓▓▓▓▓▓▓▓▓▓▓▓▓▓▓▓▓
______________'..|))[[.('[....())
▓▓▓▓▓▓▓▓▓▓▓▓▓▓▓▓▓▓▓▓▓▓▓▓▓▓▓▓▓▓▓▓▓


You could see a lindwurm and a brain worm.

Vanquished Creatures
  A centaur warrior (D)
  3 lindwurms (D)
  A black mamba (D)
  A spiny frog (D)
  A fire drake (D)
  A troll (D)
  A komodo dragon (D)
  A polar bear (D)
  2 blink frogs (D)
  A yak (D)
  A hippogriff (D)
  A porcupine (D)
  A centaur (D)
  2 ice beasts (D)
  5 crocodiles (D)
  A brain worm (D)
  A giant frog (D)
  2 hounds (D)
  A worker ant (D)
  3 iguanas (D)
  An adder (D)
  A gnoll (D)
  A river rat (D)
  2 worms (D)
  A giant gecko (D)
  4 orcs (D)
  A hobgoblin (D)
  A quokka (D)
  2 goblins (D)
  A kobold (D)
46 creatures vanquished.

Notes
Turn   | Place    | Note
--------------------------------------------------------------
     0 | D        | Kidiri the Gargoyle Fighter began the quest for the Orb.
     0 | D        | Reached XP level 1. HP: 14/14 MP: 1/1
    87 | D        | Noticed an ice beast
    93 | D        | Reached XP level 2. HP: 18/20 MP: 2/2
    97 | D        | Reached skill level 1 in Dodging
   103 | D        | Killed an ice beast
   103 | D        | Reached skill level 4 in Fighting
   103 | D        | Reached skill level 5 in Armour
   103 | D        | Reached skill level 5 in Shields
   103 | D        | Reached XP level 3. HP: 8/24 MP: 3/3
   103 | D        | Reached XP level 4. HP: 10/30 MP: 4/4
   124 | D        | Reached skill level 5 in Maces & Flails
   132 | D        | Found a glowing silver altar of Zin.
   132 | D        | Found a glowing golden altar of the Shining One.
   132 | D        | Found an ancient bone altar of Kikubaaqudgha.
   132 | D        | Found a basalt altar of Yredelemnul.
   132 | D        | Found a shimmering altar of Xom.
   132 | D        | Found a radiant altar of Vehumet.
   133 | D        | Found an iron altar of Okawaru.
   134 | D        | Found a burning altar of Makhleb.
   135 | D        | Found a deep blue altar of Sif Muna.
   136 | D        | Found a bloodstained altar of Trog.
   137 | D        | Found a sparkling altar of Nemelex Xobeh.
   138 | D        | Found a white marble altar of Elyvilon.
   139 | D        | Found a roughly hewn altar of Beogh.
   140 | D        | Found a viscous altar of Jiyva.
   141 | D        | Became a worshipper of Warmaster Okawaru
   142 | D        | Found a corrupted altar of Lugonu.
   143 | D        | Found a blossoming altar of Fedhas.
   144 | D        | Found a snail-covered altar of Cheibriados.
   145 | D        | Found a shadowy altar of Dithmenos.
   146 | D        | Found a stormy altar of Qazlal.
   147 | D        | Found an opulent altar of Gozag.
   148 | D        | Found a sacrificial altar of Ru.
   306 | D        | Noticed a centaur
   306 | D        | Noticed an ice beast
   306 | D        | Noticed a hound
   306 | D        | Noticed a troll
   306 | D        | Noticed a hound
   318 | D        | Killed a centaur
   318 | D        | Reached skill level 5 in Fighting
   318 | D        | Reached skill level 6 in Armour
   318 | D        | Reached XP level 5. HP: 30/35 MP: 4/6
   338 | D        | Killed an ice beast
   338 | D        | Acquired Okawaru's first power
   338 | D        | Reached skill level 7 in Armour
   338 | D        | Reached XP level 6. HP: 36/41 MP: 6/8
   340 | D        | Killed a hound
   366 | D        | Killed a troll
   366 | D        | Reached skill level 8 in Armour
   366 | D        | Reached XP level 7. HP: 31/47 MP: 7/10
   375 | D        | Killed a hound
   473 | D        | Noticed a crocodile
   473 | D        | Noticed a centaur warrior
   473 | D        | Noticed a worker ant
   473 | D        | Noticed a giant frog
   480 | D        | Killed a crocodile
   480 | D        | Reached skill level 9 in Armour
   494 | D        | Killed a centaur warrior
   494 | D        | Reached skill level 10 in Armour
   494 | D        | Reached skill level 5 in Dodging
   494 | D        | Reached skill level 10 in Shields
   494 | D        | Reached skill level 5 in Invocations
   494 | D        | Reached XP level 8. HP: 33/53 MP: 9/12
   499 | D        | Killed a worker ant
   506 | D        | Killed a giant frog
   726 | D        | Noticed an iguana
   726 | D        | Noticed a crocodile
   726 | D        | Noticed an iguana
   726 | D        | Noticed a yak
   726 | D        | Noticed a blink frog
   726 | D        | Noticed a blink frog
   730 | D        | Noticed a spiny frog
   735 | D        | Noticed an iguana
   736 | D        | Killed an iguana
   745 | D        | Killed a crocodile
   748 | D        | Killed an iguana
   749 | D        | Noticed a polar bear
   754 | D        | Killed a yak
   754 | D        | Reached XP level 9. HP: 34/59 MP: 13/13
   764 | D        | Killed a spiny frog
   764 | D        | Reached skill level 10 in Maces & Flails
   764 | D        | Reached skill level 11 in Shields
   769 | D        | Killed a blink frog
   772 | D        | Killed an iguana
   789 | D        | Killed a polar bear
   799 | D        | Killed a blink frog
   938 | D        | Noticed a hippogriff
   938 | D        | Noticed a komodo dragon
   938 | D        | Noticed a black mamba
   938 | D        | Noticed a fire drake
   938 | D        | Noticed a crocodile
   943 | D        | Killed a hippogriff
   950 | D        | Killed a komodo dragon
   977 | D        | Killed a black mamba
   977 | D        | Reached skill level 12 in Armour
   977 | D        | Reached XP level 10. HP: 62/66 MP: 15/15
   989 | D        | Killed a fire drake
  1000 | D        | Killed a crocodile
  1001 | D        | Noticed a crocodile
  1005 | D        | Noticed a porcupine
  1017 | D        | Killed a crocodile
  1022 | D        | Killed a porcupine
  1093 | D        | Noticed a crocodile
  1100 | D        | Killed a crocodile
  1230 | D        | Noticed a lindwurm
  1230 | D        | Noticed a lindwurm
  1230 | D        | Noticed a brain worm
  1230 | D        | Noticed a lindwurm
  1252 | D        | Killed a lindwurm
  1254 | D        | Noticed a lindwurm
  1258 | D        | Noticed a brain worm
  1258 | D        | Killed a lindwurm
  1258 | D        | Acquired Okawaru's second power
  1501 | D        | Killed a brain worm
  1510 | D        | Killed a lindwurm
  1510 | D        | Reached skill level 13 in Shields
  1536 | D        | Lost intelligence.
  1541 | D        | HP: 2/68 [lindwurm/blast of flame (34)]
  1547 | D        | Killed from afar by a lindwurm

Vault maps used:
D:        linesprint

Action                   |  1- 3 |  4- 6 |  7- 9 | 10-12 || total
-------------------------+-------+-------+-------+-------++-------
Melee: Flail             |    44 |    75 |   147 |    98 ||   364
Invok: Heroism           |       |     1 |     3 |     2 ||     6
  Use: Potion            |     1 |     3 |     1 |     4 ||     9
       Scroll            |       |       |     1 |       ||     1
  Eat: Chunk             |       |       |     1 |     1 ||     2
       Bread ration      |       |       |       |     1 ||     1
